 Dungeon Crawl Stone Soup version 0.27-a0-695-gb4952372f7 (webtiles) character file.

Game seed: 3232362386276556308

474 Anon1729 the Sneak (level 7, 0/39 (41) HPs)
             Began as a Kobold Brigand on Mar 21, 2021.
             Slain by an orc
             ... wielding a +0 short sword of draining
              (6 damage)
             ... on level 4 of the Dungeon.
             The game lasted 00:05:17 (6129 turns).

Anon1729 the Sneak (Kobold Brigand)                 Turns: 6129, Time: 00:05:18

HP:   0/39 (41)     AC:  3    Str:  8    XL:     7   Next: 32%
MP:   7/7           EV: 15    Int: 12    God:
Gold: 82            SH:  0    Dex: 19    Spells: 6/6 levels left

rFire    . . .     SeeInvis .   a - +2 dagger
rCold    . . .     Faith    .   (shield restricted)
rNeg     . . .     Spirit   .   b - +0 robe
rPois    .         Reflect  .   (no helmet)
rElec    .         Harm     .   c - +0 cloak
rCorr    .         Rampage  .   (no gloves)
Will     .....                  (no boots)
Stlth    +++++.....             g - amulet of magic regeneration
HPRegen  0.13/turn              (no ring)
MPRegen  0.35/turn              (no ring)

@: lightly drained
A: small, no large weapons, nightstalker 3
a: no special abilities


You were on level 4 of the Dungeon.
You visited 1 branch of the dungeon, and saw 4 of its levels.

You collected 82 gold pieces.

Inventory:

Hand Weapons
 a - a +2 dagger (weapon)
 k - a +1 dagger of flaming
Missiles
 d - 13 poisoned darts (quivered)
Armour
 b - a +0 robe (worn)
 c - a +0 cloak (worn)
Jewellery
 g - an amulet of magic regeneration (around neck)
 m - a +4 ring of protection
Scrolls
 h - 4 scrolls of identify {unknown}
 i - 3 scrolls of magic mapping {unknown}
 j - 2 scrolls of fog {unknown}
 l - 3 scrolls of acquirement {unknown}
 n - a scroll of immolation {unknown}
 o - a scroll of teleportation {unknown}
Potions
 f - a potion of resistance {unknown}
 p - a potion of curing {unknown}
 q - 2 potions of might {unknown}
 r - a potion of magic {unknown}
 s - a potion of brilliance {unknown}


   Skills:
 + Level 3.4 Fighting
 * Level 5.3 Short Blades
 + Level 3.4 Throwing
 + Level 3.0 Dodging
 * Level 7.6 Stealth
 + Level 2.5 Evocations


You had 6 spell levels left.
You didn't know any spells.
Your spell library contained the following spells:

 Spells                   Type           Power      Damage    Failure   Level
 Foxfire                  Conj/Fire      0%         2x1d4     32%         1
 Sting                    Tmut/Pois      0%         1d3       32%         1
 Poisonous Vapours        Pois/Air       0%         N/A       45%         2
 Ignite Poison            Fire/Tmut/Pois 0%         N/A       69%         3
 Mephitic Cloud           Conj/Pois/Air  0%         N/A       69%         3
 Spider Form              Tmut/Pois      0%         N/A       69%         3
 Olgreb's Toxic Radiance  Pois           0%         N/A       97%         4
 Ignition                 Fire           0%         3d3       100%        8


Dungeon Overview and Level Annotations

Branches:
Dungeon (4/15)
 Temple: D:4-7

Altars:

Annotations:
D:4 1 runed translucent door, Crazy Yiuf, Dowan, Duvessa


Innate Abilities, Weirdness & Mutations

You are small and have problems with some larger weapons.
You are completely attuned to the shadows.


Message History

The orc warrior misses you.
There is an open door here.
Throw: 16 darts (poison)
Press: ? - help, Q - select action, (/) - cycle Shift-Dir - straight line, f/p - orc warrior
Aim: an orc warrior, wielding a +0 short sword and wearing a +0 chain mail (moderately wounded, poisoned, 60% to hit)
You throw a poisoned dart.
The poisoned dart completely misses the orc warrior.
The orc warrior looks more healthy.
The orc warrior hits you with a +0 short sword!
Throw: 15 darts (poison)
Press: ? - help, Q - select action, (/) - cycle Shift-Dir - straight line, f/p - orc warrior
Aim: an orc warrior, wielding a +0 short sword and wearing a +0 chain mail (heavily wounded, 60% to hit)
You throw a poisoned dart. The poisoned dart hits the orc warrior.
The orc warrior is poisoned.
The orc warrior is heavily wounded.
The orc warrior looks more healthy.
Throw: 14 darts (poison)
Press: ? - help, Q - select action, (/) - cycle Shift-Dir - straight line, f/p - orc warrior
Aim: an orc warrior, wielding a +0 short sword and wearing a +0 chain mail (heavily wounded, 60% to hit)
You throw a poisoned dart.
The poisoned dart barely misses the orc warrior.
Throw: 2 darts (curare)
Press: ? - help, Q - select action, (/) - cycle Shift-Dir - straight line, f/p - orc warrior
Aim: an orc warrior, wielding a +0 short sword and wearing a +0 chain mail (heavily wounded, 60% to hit)
You throw a curare-tipped dart.
The curare-tipped dart completely misses the orc warrior.
The orc warrior hits you with a +0 short sword!
Unknown command.
Unknown command.
The orc hits you with a +0 short sword of draining.
You feel drained.
Throw: dart (curare)
Press: ? - help, Q - select action, (/) - cycle Shift-Dir - straight line, f/p - orc warrior
Aim: an orc warrior, wielding a +0 short sword and wearing a +0 chain mail (heavily wounded, 60% to hit)
You throw a curare-tipped dart.
The curare-tipped dart closely misses the orc warrior.
The orc warrior hits you with a +0 short sword!!
* * * LOW HITPOINT WARNING * * *
The orc hits you with a +0 short sword of draining.
You die...

#....#.........'..........
#....#........##.....##...
#....#........##.....##...
#.(..(..(.................
##...##......(.......##...
#...##..............##...
........o....).......#...
....##..oo...##......#).)
#..@....##......#...
#......)........#...
#....<..........#..)
................##.))
...............>##...
..............+....
.......##.. ##... #...
....


You could see an orc warrior and 2 orcs.

Vanquished Creatures
  Sigmund (D:4)
  An orc priest (D:4)
  A hound (D:4)
  2 orc wizards (D:4)
  2 worker ants (D:4)
  A hound skeleton (D:4)
  A worker ant zombie (D:2)
  3 gnolls (D:2)
  2 adders
  An adder skeleton (D:4)
  2 worms
  6 dart slugs
  5 leopard geckos
  5 orcs (D:4)
  A ball python (D:1)
  3 giant cockroaches
  3 goblins
  6 hobgoblins
  4 kobolds
  3 quokkas (D:3)
  6 bats
  7 frilled lizards
  A quokka skeleton (D:4)
  4 rats
71 creatures vanquished.

Vanquished Creatures (others)
  An orc wizard (D:4)
  3 orcs (D:4)
4 creatures vanquished.

Grand Total: 75 creatures vanquished

Notes
Turn   | Place    | Note
-------+----------+-------------------------------------------
     0 | D:1      | Anon1729 the Kobold Brigand began the quest for the Orb.
     0 | D:1      | Reached XP level 1. HP: 12/12 MP: 1/1
   171 | D:1      | Reached XP level 2. HP: 17/17 MP: 2/2
   382 | D:1      | Reached XP level 3. HP: 22/22 MP: 3/3
   844 | D:2      | Reached skill level 6 in Stealth
   844 | D:2      | Reached skill level 1 in Evocations
   844 | D:2      | Reached XP level 4. HP: 21/27 MP: 4/4
  1978 | D:2      | Reached XP level 5. HP: 31/31 MP: 5/5
  4263 | D:4      | Reached XP level 6. HP: 36/36 MP: 6/6
  4341 | D:4      | Found a runed translucent door.
  4344 | D:4      | Noticed Crazy Yiuf
  4382 | D:4      | Noticed Sigmund
  4385 | D:4      | Killed Sigmund
  4386 | D:4      | Reached skill level 5 in Short Blades
  4386 | D:4      | Reached skill level 7 in Stealth
  4402 | D:4      | Noticed Duvessa
  4403 | D:4      | Noticed Dowan
  5227 | D:4      | Reached XP level 7. HP: 41/41 MP: 7/7
  5243 | D:4      | Identified Jiups's Collected Works on Vitriolic Heat
  6129 | D:4      | Slain by an orc

Illustrated notes

Levels and vault maps discovered:
D:1:      dpeg_arrival_concentric_ovals, layout_basic
D:2:      layout_basic, grunt_ministairs_3
D:3:      layout_basic
D:4:      layout_gridville, general_overflow_altar, lemuel_flame_loot_1,
          uniq_ijyb, uniq_duvessa, uniq_sigmund, uniq_crazy_yiuf_cottage

Skill      XL: |  1  2  3  4  5  6  7 |
---------------+----------------------+-----
Short Blades   | 3 4 5 |  5.3
Stealth        | 6 7 |  7.6
Evocations     | 1 2 |  2.5
Dodging        | 2 3 |  3.0
Fighting       | 3 |  3.4
Throwing       | 3 |  3.4

Action                   |  1- 3 |  4- 6 |  7- 9 || total
-------------------------+-------+-------+-------++-------
Melee: Dagger            |    37 |   145 |    15 ||   197
Throw: Dart              |     9 |    14 |    20 ||    43
 Stab: Sleeping          |    11 |    20 |     2 ||    33
       Distracted        |       |       |     1 ||     1
Armor: Robe              |     2 |    10 |     2 ||    14
Dodge: Dodged            |    26 |    84 |     8 ||   118

Table legend: (Time is in decaauts)
 A = Elapsed time spent in this place.
 B = Non-inter-level travel time spent in this place.
 C = Inter-level travel time spent in this place.
 D = Time resting spent in this place.
 E = Time spent auto-exploring this place.
 F = Levels seen in this place.
 G = Mean time per level.
                   A        B        C        D        E       F      G
               +--------+--------+--------+--------+--------+-----+--------+
         Total |   6087 |   5961 |    126 |   1476 |   3838 |   4 | 1521.8 |
       Dungeon |   6087 |   5961 |    126 |   1476 |   3838 |   4 | 1521.8 |
               +--------+--------+--------+--------+--------+-----+--------+

Top non-repeatable levels by time:
     D:3: 2140 daAuts
     D:2: 1786 daAuts
     D:4: 1395 daAuts
     D:1: 765 daAuts
